[ AOE2 MATCH · #477087582 ]
UnrankedJurchens vs Bengalis
[ REPLAY ANALYSIS · EXTRACTED FROM THE RECORDED GAME ]
Feudal
11:16
Castle
15:15
Imperial
37:19
| APM avg | 30.6 |
| APM peak | 59 |
| eAPM avg | 16.5 |
| Villagers / military | 145 / 132 |
Focus
⚔️ 25.1% · 🌾 74.9%
Steppe Lancer ×116 · Scout Cavalry ×16
Feudal
10:56
Castle
14:27
Imperial
—
| APM avg | 42.2 |
| APM peak | 76 |
| eAPM avg | 16.5 |
| Villagers / military | 107 / 76 |
Focus
⚔️ 28.6% · 🌾 71.4%
Conquistador ×71 · Missionary ×5
Feudal
11:47
Castle
15:30
Imperial
33:46
| APM avg | 49.4 |
| APM peak | 106 |
| eAPM avg | 26.9 |
| Villagers / military | 90 / 76 |
Focus
⚔️ 24.2% · 🌾 75.8%
Monk ×53 · Armored Elephant ×17 · Mangonel ×6
Feudal
12:36
Castle
16:08
Imperial
31:49
| APM avg | 39.5 |
| APM peak | 82 |
| eAPM avg | 20.3 |
| Villagers / military | 93 / 93 |
Focus
⚔️ 31.7% · 🌾 68.3%
Organ Gun ×82 · Petard ×7 · Mangonel ×4
Feudal
10:42
Castle
14:46
Imperial
—
| APM avg | 28.2 |
| APM peak | 80 |
| eAPM avg | 17.5 |
| Villagers / military | 133 / 48 |
Focus
⚔️ 25.3% · 🌾 74.7%
Monk ×22 · Armored Elephant ×16 · Mangonel ×7 · Spearman ×3
Feudal
8:50
Castle
19:40
Imperial
—
| APM avg | 30.7 |
| APM peak | 64 |
| eAPM avg | 18.0 |
| Villagers / military | 126 / 204 |
Focus
⚔️ 28.5% · 🌾 71.5%
Steppe Lancer ×204
Feudal
10:33
Castle
14:04
Imperial
34:49
| APM avg | 39.6 |
| APM peak | 95 |
| eAPM avg | 21.2 |
| Villagers / military | 102 / 34 |
Focus
⚔️ 31.6% · 🌾 68.4%
Armored Elephant ×11 · Mangonel ×10 · Monk ×8 · Spearman ×3 · Militia ×1 · Scorpion ×1
Feudal
11:22
Castle
16:28
Imperial
—
| APM avg | 43.1 |
| APM peak | 104 |
| eAPM avg | 22.6 |
| Villagers / military | 68 / 66 |
Focus
⚔️ 23.6% · 🌾 76.4%
Elephant Archer ×40 · Archer ×26
Match map
Initial resources + every placement click. Lines = walls · curves = elevation contours. ◆ gold · ⬟ stone · ● berries · ✦ relic · ◌ wall gap
Your base· ✓ Closed at 15:15 · 0t walls · 2 gate(s)
paedi27's base· ✓ Closed at 14:27 · 0t walls · 3 gate(s)
Bzm_Castle's base· ✓ Closed at 15:30 · 0t walls · 2 gate(s)
Bzm_Going's base· ✓ Closed at 16:08 · 0t walls · 2 gate(s)
joylettuce's base· ✓ Closed at 14:46 · 0t walls · 2 gate(s)
Bzm_Thejose's base· ✓ Closed at 19:40 · 0t walls · 2 gate(s)
ZISI-LEE's base· ✓ Closed at 14:04 · 0t walls · 2 gate(s)
Bzm_JöNTüRK's base· ✓ Closed at 16:28 · 0t walls · 2 gate(s)
Smoothed initial terrain · ◌ = detected wall gap · hover for details
Inputs per minute
— KNAUROS - - paedi27
Build order — KNAUROS
First 150 of 358 actions detected
| 0:01 | Create | Villager (Male) |
| 0:01 | Create | Villager (Male) |
| 0:02 | Build | House |
| 0:04 | Build | House |
| 0:19 | Create | Villager (Male) |
| 0:19 | Create | Villager (Male) |
| 1:29 | Create | Villager (Male) |
| 1:50 | Create | Villager (Male) |
| 2:39 | Create | Villager (Male) |
| 2:48 | Build | Lumber Camp |
| 2:52 | Create | Villager (Male) |
| 3:14 | Create | Villager (Male) |
| 3:50 | Create | Villager (Male) |
| 4:02 | Create | Villager (Male) |
| 4:11 | Create | Villager (Male) |
| 4:21 | Create | Villager (Male) |
| 4:39 | Build | House |
| 5:05 | Build | Mill |
| 5:41 | Create | Villager (Male) |
| 5:42 | Create | Villager (Male) |
| 5:48 | Build | House |
| 5:56 | Create | Villager (Male) |
| 6:26 | Create | Villager (Male) |
| 6:34 | Create | Villager (Male) |
| 6:40 | Create | Villager (Male) |
| 7:02 | Create | Villager (Male) |
| 7:17 | Build | Lumber Camp |
| 7:25 | Build | House |
| 8:24 | Build | Mining Camp |
| 8:35 | Create | Villager (Male) |
| 8:57 | Research | Feudal Age |
| 9:33 | Create | Villager (Male) |
| 9:38 | Build | Barracks |
| 9:43 | Create | Villager (Male) |
| 10:19 | Create | Villager (Male) |
| 11:08 | Create | Villager (Male) |
| 11:16 | Age | Feudal Age |
| 11:19 | Build | Stable |
| 11:26 | Build | Market |
| 11:33 | Create | Villager (Male) |
| 12:15 | Build | Farm |
| 12:17 | Build | Farm |
| 12:20 | Build | Farm |
| 12:23 | Build | Farm |
| 12:35 | Research | Castle Age |
| 12:53 | Build | Farm |
| 13:05 | Build | Farm |
| 13:11 | Create | Villager (Male) |
| 13:32 | Create | Scout Cavalry |
| 13:36 | Build | House |
| 13:44 | Build | Farm |
| 13:47 | Build | Farm |
| 13:50 | Create | Villager (Male) |
| 14:06 | Create | Scout Cavalry |
| 14:10 | Research | Double-Bit Axe |
| 14:16 | Build | Farm |
| 14:37 | Create | Scout Cavalry |
| 14:46 | Build | Farm |
| 14:47 | Create | Villager (Male) |
| 15:11 | Create | Villager (Male) |
| 15:13 | Create | Scout Cavalry |
| 15:15 | Age | Castle Age |
| 15:20 | Create | Villager (Male) |
| 15:22 | Research | Light Cavalry (upgrade) |
| 15:26 | Create | Villager (Male) |
| 15:28 | Create | Villager (Male) |
| 15:29 | Build | House |
| 15:34 | Create | Villager (Male) |
| 15:39 | Build | Town Center |
| 16:10 | Research | Husbandry |
| 16:11 | Create | Villager (Male) |
| 16:18 | Create | Steppe Lancer |
| 16:23 | Build | Farm |
| 16:39 | Create | Villager (Male) |
| 17:06 | Create | Villager (Male) |
| 17:08 | Create | Villager (Male) |
| 17:11 | Create | Villager (Male) |
| 17:22 | Create | Villager (Male) |
| 17:22 | Create | Villager (Male) |
| 17:27 | Build | Town Center |
| 17:39 | Create | Villager (Male) |
| 17:41 | Build | Farm |
| 17:43 | Create | Villager (Male) |
| 17:59 | Build | Farm |
| 18:01 | Create | Villager (Male) |
| 18:03 | Build | Farm |
| 18:04 | Create | Villager (Male) |
| 18:06 | Build | Farm |
| 18:13 | Build | Farm |
| 18:16 | Create | Villager (Male) |
| 18:24 | Create | Steppe Lancer |
| 18:27 | Build | House |
| 18:32 | Create | Villager (Male) |
| 18:44 | Build | House |
| 18:45 | Build | House |
| 18:47 | Create | Villager (Male) |
| 19:03 | Create | Steppe Lancer |
| 19:04 | Create | Villager (Male) |
| 19:25 | Create | Villager (Male) |
| 19:25 | Create | Villager (Male) |
| 19:27 | Create | Villager (Male) |
| 19:42 | Build | Farm |
| 19:43 | Create | Villager (Male) |
| 19:46 | Build | Farm |
| 19:48 | Build | Farm |
| 19:53 | Create | Villager (Male) |
| 19:57 | Build | Farm |
| 19:58 | Build | Farm |
| 20:00 | Build | Farm |
| 20:02 | Build | Farm |
| 20:04 | Create | Villager (Male) |
| 20:07 | Build | Farm |
| 20:19 | Build | Farm |
| 20:19 | Build | Farm |
| 20:19 | Build | Farm |
| 20:20 | Build | Farm |
| 20:27 | Create | Steppe Lancer |
| 20:27 | Create | Steppe Lancer |
| 20:45 | Create | Scout Cavalry |
| 21:08 | Create | Steppe Lancer |
| 21:09 | Create | Steppe Lancer |
| 21:09 | Create | Villager (Male) |
| 21:22 | Create | Villager (Male) |
| 21:26 | Build | Stable |
| 21:31 | Build | Mining Camp |
| 21:33 | Create | Villager (Male) |
| 21:33 | Create | Villager (Male) |
| 21:37 | Research | Wheelbarrow |
| 21:38 | Create | Villager (Male) |
| 21:47 | Build | Farm |
| 21:49 | Create | Villager (Male) |
| 21:54 | Create | Villager (Male) |
| 22:13 | Build | Farm |
| 22:14 | Create | Villager (Male) |
| 22:21 | Create | Villager (Male) |
| 22:34 | Build | Blacksmith |
| 22:38 | Create | Villager (Male) |
| 22:42 | Create | Steppe Lancer |
| 22:50 | Create | Steppe Lancer |
| 22:51 | Create | Steppe Lancer |
| 22:52 | Create | Villager (Male) |
| 22:52 | Create | Villager (Male) |
| 22:56 | Build | Farm |
| 23:03 | Research | Scale Barding Armor |
| 23:05 | Create | Villager (Male) |
| 23:07 | Build | Farm |
| 23:20 | Build | House |
| 23:21 | Build | House |
| 23:22 | Build | House |
| 23:27 | Create | Villager (Male) |
Build order — paedi27
First 150 of 298 actions detected
| 0:01 | Create | Villager (Male) |
| 0:01 | Create | Villager (Male) |
| 0:02 | Build | House |
| 0:03 | Build | House |
| 0:32 | Create | Villager (Male) |
| 0:32 | Create | Villager (Male) |
| 0:32 | Create | Villager (Male) |
| 1:34 | Create | Villager (Male) |
| 1:34 | Create | Villager (Male) |
| 1:47 | Build | Lumber Camp |
| 2:02 | Create | Villager (Male) |
| 2:02 | Create | Villager (Male) |
| 2:20 | Create | Villager (Male) |
| 2:41 | Build | House |
| 2:42 | Build | House |
| 2:54 | Create | Villager (Male) |
| 2:55 | Create | Villager (Male) |
| 3:19 | Create | Villager (Male) |
| 3:19 | Create | Villager (Male) |
| 3:30 | Create | Villager (Male) |
| 4:03 | Create | Villager (Male) |
| 4:36 | Create | Villager (Male) |
| 4:46 | Create | Villager (Male) |
| 5:09 | Create | Villager (Male) |
| 5:09 | Create | Villager (Male) |
| 5:13 | Build | Mill |
| 5:33 | Create | Villager (Male) |
| 5:33 | Create | Villager (Male) |
| 5:47 | Create | Villager (Male) |
| 5:48 | Create | Villager (Male) |
| 6:05 | Create | Villager (Male) |
| 6:33 | Create | Villager (Male) |
| 6:33 | Create | Villager (Male) |
| 6:33 | Create | Villager (Male) |
| 7:13 | Build | Mining Camp |
| 7:36 | Build | House |
| 8:22 | Build | Farm |
| 8:28 | Research | Feudal Age |
| 8:31 | Build | Mining Camp |
| 8:42 | Build | Farm |
| 9:21 | Create | Villager (Male) |
| 9:21 | Create | Villager (Male) |
| 9:25 | Build | Farm |
| 10:56 | Age | Feudal Age |
| 10:57 | Build | Market |
| 10:59 | Build | Blacksmith |
| 11:26 | Build | Farm |
| 11:47 | Research | Castle Age |
| 12:21 | Build | House |
| 12:32 | Research | Double-Bit Axe |
| 13:29 | Research | Gold Mining |
| 13:33 | Create | Villager (Male) |
| 14:27 | Age | Castle Age |
| 14:29 | Build | Monastery |
| 14:46 | Create | Villager (Male) |
| 15:08 | Create | Missionary |
| 15:08 | Create | Missionary |
| 15:20 | Create | Villager (Male) |
| 15:25 | Build | Castle |
| 15:41 | Create | Villager (Male) |
| 15:45 | Research | Horse Collar |
| 15:48 | Build | Farm |
| 15:51 | Build | Farm |
| 15:53 | Build | Farm |
| 15:58 | Build | Farm |
| 16:18 | Create | Villager (Male) |
| 16:24 | Build | House |
| 16:31 | Create | Conquistador |
| 16:32 | Create | Conquistador |
| 16:37 | Build | Farm |
| 16:45 | Create | Villager (Male) |
| 17:00 | Create | Conquistador |
| 17:00 | Create | Conquistador |
| 17:13 | Build | Farm |
| 17:22 | Create | Villager (Male) |
| 17:25 | Build | Farm |
| 17:42 | Build | Farm |
| 17:43 | Create | Villager (Male) |
| 17:43 | Create | Villager (Male) |
| 17:49 | Create | Conquistador |
| 17:54 | Create | Villager (Male) |
| 17:54 | Create | Villager (Male) |
| 18:19 | Create | Conquistador |
| 18:20 | Create | Conquistador |
| 18:20 | Create | Conquistador |
| 18:21 | Create | Villager (Male) |
| 18:46 | Create | Conquistador |
| 18:47 | Create | Conquistador |
| 18:56 | Create | Conquistador |
| 18:56 | Create | Conquistador |
| 19:20 | Create | Conquistador |
| 19:39 | Create | Conquistador |
| 19:46 | Build | Town Center |
| 19:52 | Create | Conquistador |
| 19:54 | Create | Villager (Male) |
| 19:57 | Create | Villager (Male) |
| 20:02 | Build | Farm |
| 20:13 | Create | Villager (Male) |
| 20:13 | Create | Villager (Male) |
| 20:28 | Research | Padded Archer Armor |
| 20:31 | Create | Villager (Male) |
| 21:18 | Create | Conquistador |
| 21:18 | Create | Conquistador |
| 21:18 | Create | Conquistador |
| 21:32 | Create | Conquistador |
| 21:32 | Create | Conquistador |
| 22:05 | Create | Villager (Male) |
| 22:05 | Create | Villager (Male) |
| 22:05 | Create | Villager (Male) |
| 22:06 | Create | Villager (Male) |
| 22:12 | Create | Missionary |
| 22:41 | Create | Conquistador |
| 22:41 | Create | Conquistador |
| 22:42 | Create | Conquistador |
| 22:53 | Build | Town Center |
| 23:11 | Create | Villager (Male) |
| 23:11 | Create | Villager (Male) |
| 23:21 | Build | Mill |
| 23:21 | Build | Farm |
| 23:22 | Build | Farm |
| 23:22 | Build | Farm |
| 23:22 | Build | Farm |
| 23:22 | Build | Farm |
| 23:23 | Build | Farm |
| 23:23 | Build | Farm |
| 23:23 | Build | Farm |
| 23:23 | Build | Farm |
| 23:23 | Build | Farm |
| 23:43 | Create | Villager (Male) |
| 23:44 | Create | Villager (Male) |
| 23:44 | Create | Villager (Male) |
| 23:44 | Create | Villager (Male) |
| 24:23 | Create | Conquistador |
| 24:39 | Create | Villager (Male) |
| 24:39 | Create | Villager (Male) |
| 24:40 | Create | Villager (Male) |
| 24:41 | Research | Loom |
| 24:47 | Create | Conquistador |
| 24:57 | Create | Conquistador |
| 25:04 | Create | Conquistador |
| 25:32 | Create | Missionary |
| 25:54 | Create | Conquistador |
| 25:54 | Create | Conquistador |
| 25:55 | Create | Villager (Male) |
| 25:55 | Create | Villager (Male) |
| 25:56 | Create | Villager (Male) |
| 25:56 | Create | Villager (Male) |
| 25:56 | Create | Villager (Male) |
| 26:09 | Create | Conquistador |
| 26:24 | Create | Conquistador |
Build order — Bzm_Castle
First 150 of 288 actions detected
| 0:01 | Create | Villager (Male) |
| 0:02 | Create | Villager (Male) |
| 0:03 | Build | House |
| 0:04 | Build | House |
| 0:30 | Create | Villager (Male) |
| 0:31 | Create | Villager (Male) |
| 1:39 | Create | Villager (Male) |
| 1:39 | Create | Villager (Male) |
| 1:53 | Create | Villager (Male) |
| 1:53 | Create | Villager (Male) |
| 2:20 | Build | Lumber Camp |
| 2:23 | Create | Villager (Male) |
| 2:48 | Create | Villager (Male) |
| 3:09 | Create | Villager (Male) |
| 3:22 | Create | Villager (Male) |
| 3:32 | Create | Villager (Male) |
| 4:09 | Build | House |
| 4:13 | Create | Villager (Male) |
| 4:20 | Create | Villager (Male) |
| 4:20 | Create | Villager (Male) |
| 4:31 | Build | House |
| 4:37 | Build | House |
| 4:37 | Build | House |
| 4:45 | Create | Villager (Male) |
| 5:14 | Create | Villager (Male) |
| 5:24 | Create | Villager (Male) |
| 5:24 | Create | Villager (Male) |
| 5:28 | Build | Mill |
| 5:38 | Build | House |
| 6:04 | Create | Villager (Male) |
| 6:41 | Create | Villager (Male) |
| 6:45 | Build | Mining Camp |
| 7:19 | Create | Villager (Male) |
| 7:24 | Create | Villager (Male) |
| 7:40 | Create | Villager (Male) |
| 7:51 | Create | Villager (Male) |
| 8:58 | Build | Farm |
| 9:01 | Build | Farm |
| 9:05 | Build | Farm |
| 9:11 | Build | Farm |
| 9:29 | Research | Feudal Age |
| 9:46 | Build | House |
| 9:46 | Build | House |
| 10:13 | Build | Farm |
| 10:19 | Build | Farm |
| 11:47 | Age | Feudal Age |
| 11:50 | Build | Market |
| 11:57 | Build | Blacksmith |
| 12:00 | Create | Villager (Male) |
| 12:02 | Create | Villager (Male) |
| 12:07 | Build | Farm |
| 12:09 | Build | Farm |
| 12:43 | Research | Castle Age |
| 14:03 | Create | Villager (Male) |
| 14:07 | Research | Horse Collar |
| 14:08 | Research | Horse Collar |
| 14:08 | Research | Double-Bit Axe |
| 14:08 | Research | Double-Bit Axe |
| 14:56 | Build | Farm |
| 14:57 | Build | Farm |
| 14:59 | Build | Farm |
| 15:00 | Build | Farm |
| 15:03 | Create | Villager (Male) |
| 15:13 | Build | House |
| 15:30 | Age | Castle Age |
| 15:33 | Create | Villager (Male) |
| 15:42 | Build | Siege Workshop |
| 15:45 | Create | Villager (Male) |
| 15:47 | Create | Villager (Male) |
| 15:49 | Research | Gold Mining |
| 15:49 | Research | Gold Mining |
| 16:19 | Create | Mangonel |
| 16:29 | Create | Villager (Male) |
| 16:46 | Create | Villager (Male) |
| 17:03 | Create | Villager (Male) |
| 17:13 | Build | Monastery |
| 17:21 | Create | Armored Elephant |
| 17:32 | Create | Armored Elephant |
| 17:32 | Create | Armored Elephant |
| 17:32 | Create | Armored Elephant |
| 17:35 | Create | Villager (Male) |
| 17:35 | Create | Villager (Male) |
| 17:43 | Build | House |
| 17:43 | Build | House |
| 17:44 | Build | House |
| 17:48 | Create | Villager (Male) |
| 17:55 | Create | Monk |
| 17:55 | Create | Monk |
| 17:55 | Create | Monk |
| 17:55 | Create | Monk |
| 18:00 | Build | Lumber Camp |
| 18:11 | Create | Armored Elephant |
| 18:11 | Create | Armored Elephant |
| 18:18 | Research | Fervor |
| 18:26 | Create | Villager (Male) |
| 18:32 | Build | House |
| 18:37 | Create | Villager (Male) |
| 18:39 | Build | Farm |
| 18:41 | Create | Villager (Male) |
| 18:43 | Build | Lumber Camp |
| 19:42 | Create | Armored Elephant |
| 19:43 | Create | Armored Elephant |
| 19:51 | Create | Villager (Male) |
| 19:52 | Create | Villager (Male) |
| 19:52 | Create | Villager (Male) |
| 19:53 | Build | Farm |
| 19:55 | Build | Farm |
| 19:56 | Build | Farm |
| 19:58 | Build | Farm |
| 20:00 | Build | Farm |
| 20:04 | Create | Villager (Male) |
| 20:04 | Create | Villager (Male) |
| 20:12 | Build | House |
| 20:13 | Build | House |
| 20:14 | Build | House |
| 20:21 | Create | Monk |
| 20:21 | Create | Monk |
| 21:20 | Create | Mangonel |
| 21:20 | Create | Mangonel |
| 21:27 | Create | Monk |
| 21:27 | Create | Monk |
| 21:49 | Create | Mangonel |
| 21:51 | Create | Villager (Male) |
| 21:52 | Create | Villager (Male) |
| 21:52 | Create | Villager (Male) |
| 21:52 | Create | Villager (Male) |
| 21:55 | Build | Mining Camp |
| 22:00 | Create | Villager (Male) |
| 22:04 | Create | Villager (Male) |
| 22:07 | Build | Mining Camp |
| 22:09 | Create | Villager (Male) |
| 22:09 | Create | Villager (Male) |
| 22:23 | Create | Monk |
| 23:19 | Research | Sanctity |
| 23:19 | Research | Sanctity |
| 23:20 | Create | Monk |
| 23:20 | Create | Monk |
| 23:28 | Create | Villager (Male) |
| 23:28 | Create | Villager (Male) |
| 23:28 | Create | Villager (Male) |
| 23:37 | Build | Monastery |
| 24:29 | Create | Mangonel |
| 24:29 | Create | Mangonel |
| 24:53 | Create | Monk |
| 24:53 | Create | Monk |
| 25:19 | Create | Villager (Male) |
| 25:19 | Create | Villager (Male) |
| 25:19 | Create | Villager (Male) |
| 25:23 | Build | House |
| 25:23 | Build | House |
Build order — Bzm_Going
First 150 of 286 actions detected
| 0:01 | Create | Villager (Male) |
| 0:01 | Create | Villager (Male) |
| 0:01 | Create | Villager (Male) |
| 0:02 | Build | House |
| 0:04 | Build | House |
| 0:11 | Create | Villager (Male) |
| 1:08 | Create | Villager (Male) |
| 1:08 | Create | Villager (Male) |
| 1:41 | Create | Villager (Male) |
| 1:56 | Build | Lumber Camp |
| 2:03 | Create | Villager (Male) |
| 2:46 | Create | Villager (Male) |
| 2:56 | Create | Villager (Male) |
| 2:57 | Create | Villager (Male) |
| 3:43 | Create | Villager (Male) |
| 3:43 | Create | Villager (Male) |
| 3:58 | Create | Villager (Male) |
| 4:05 | Build | House |
| 4:16 | Build | House |
| 4:18 | Build | House |
| 4:23 | Build | House |
| 4:25 | Build | House |
| 4:31 | Create | Villager (Male) |
| 4:31 | Create | Villager (Male) |
| 4:31 | Create | Villager (Male) |
| 4:40 | Create | Villager (Male) |
| 5:11 | Create | Villager (Male) |
| 5:11 | Create | Villager (Male) |
| 5:41 | Create | Villager (Male) |
| 5:41 | Create | Villager (Male) |
| 6:16 | Create | Villager (Male) |
| 6:16 | Create | Villager (Male) |
| 6:16 | Create | Villager (Male) |
| 6:31 | Create | Villager (Male) |
| 6:34 | Build | Lumber Camp |
| 6:45 | Create | Villager (Male) |
| 7:04 | Build | Mill |
| 7:06 | Create | Villager (Male) |
| 7:06 | Create | Villager (Male) |
| 7:28 | Create | Villager (Male) |
| 7:34 | Create | Villager (Male) |
| 7:34 | Create | Villager (Male) |
| 8:25 | Build | Mining Camp |
| 8:43 | Create | Villager (Male) |
| 8:43 | Create | Villager (Male) |
| 9:06 | Create | Villager (Male) |
| 9:20 | Build | Mining Camp |
| 9:27 | Build | Farm |
| 9:27 | Build | Farm |
| 9:33 | Build | Farm |
| 9:38 | Create | Villager (Male) |
| 9:43 | Create | Villager (Male) |
| 9:55 | Build | Farm |
| 9:57 | Build | Farm |
| 10:01 | Build | Farm |
| 10:05 | Research | Feudal Age |
| 10:18 | Build | Farm |
| 10:21 | Build | Farm |
| 10:32 | Build | House |
| 10:34 | Build | House |
| 10:35 | Build | House |
| 10:36 | Build | House |
| 10:36 | Build | House |
| 10:43 | Build | House |
| 11:29 | Create | Villager (Male) |
| 11:29 | Create | Villager (Male) |
| 12:36 | Age | Feudal Age |
| 12:38 | Build | Blacksmith |
| 12:40 | Build | Market |
| 12:52 | Research | Double-Bit Axe |
| 13:28 | Research | Castle Age |
| 14:28 | Research | Stone Mining |
| 14:30 | Research | Horse Collar |
| 16:08 | Age | Castle Age |
| 16:10 | Build | Siege Workshop |
| 16:12 | Build | Castle |
| 16:14 | Create | Villager (Male) |
| 16:14 | Create | Villager (Male) |
| 16:25 | Create | Villager (Male) |
| 16:25 | Create | Villager (Male) |
| 16:27 | Build | Farm |
| 16:28 | Build | Farm |
| 16:39 | Create | Mangonel |
| 16:40 | Create | Mangonel |
| 16:42 | Create | Villager (Male) |
| 16:42 | Create | Villager (Male) |
| 16:42 | Create | Villager (Male) |
| 16:52 | Build | Farm |
| 17:11 | Build | Mining Camp |
| 17:20 | Research | Gold Mining |
| 17:20 | Research | Gold Mining |
| 17:52 | Create | Villager (Male) |
| 17:57 | Create | Organ Gun |
| 18:11 | Create | Organ Gun |
| 18:31 | Build | Palisade Wall |
| 18:32 | Build | Palisade Wall |
| 18:35 | Build | House |
| 18:37 | Build | House |
| 18:40 | Create | Organ Gun |
| 18:43 | Create | Organ Gun |
| 18:56 | Create | Villager (Male) |
| 18:57 | Create | Villager (Male) |
| 18:57 | Create | Villager (Male) |
| 19:37 | Create | Organ Gun |
| 19:37 | Create | Organ Gun |
| 19:37 | Create | Organ Gun |
| 19:50 | Create | Mangonel |
| 20:02 | Create | Villager (Male) |
| 20:02 | Create | Villager (Male) |
| 20:41 | Build | Castle |
| 20:45 | Create | Organ Gun |
| 20:46 | Create | Organ Gun |
| 20:46 | Create | Organ Gun |
| 20:52 | Build | House |
| 20:55 | Build | Stone Wall |
| 21:20 | Create | Villager (Male) |
| 21:20 | Create | Villager (Male) |
| 21:20 | Create | Villager (Male) |
| 21:21 | Create | Organ Gun |
| 21:22 | Create | Organ Gun |
| 21:41 | Create | Petard |
| 21:41 | Create | Petard |
| 21:49 | Create | Villager (Male) |
| 21:49 | Create | Villager (Male) |
| 22:04 | Create | Organ Gun |
| 22:05 | Create | Organ Gun |
| 22:12 | Create | Organ Gun |
| 22:12 | Create | Organ Gun |
| 22:12 | Create | Organ Gun |
| 22:41 | Build | Farm |
| 22:42 | Build | Farm |
| 22:44 | Create | Petard |
| 22:51 | Create | Villager (Male) |
| 22:58 | Build | Farm |
| 23:29 | Create | Petard |
| 23:31 | Create | Organ Gun |
| 23:31 | Create | Organ Gun |
| 23:31 | Create | Organ Gun |
| 23:31 | Create | Organ Gun |
| 23:32 | Create | Organ Gun |
| 23:32 | Create | Villager (Male) |
| 23:36 | Build | Farm |
| 23:37 | Build | Farm |
| 23:38 | Build | Farm |
| 24:02 | Create | Organ Gun |
| 24:03 | Create | Organ Gun |
| 24:03 | Create | Organ Gun |
| 24:03 | Create | Organ Gun |
| 24:04 | Create | Villager (Male) |
| 24:04 | Create | Villager (Male) |
Build order — joylettuce
First 150 of 283 actions detected
| 0:00 | Create | Villager (Male) |
| 0:01 | Create | Villager (Male) |
| 0:01 | Create | Villager (Male) |
| 0:04 | Build | House |
| 0:06 | Build | House |
| 0:18 | Create | Villager (Male) |
| 1:36 | Create | Villager (Male) |
| 1:55 | Build | Lumber Camp |
| 2:07 | Create | Villager (Male) |
| 2:34 | Create | Villager (Male) |
| 2:57 | Create | Villager (Male) |
| 2:58 | Create | Villager (Male) |
| 3:40 | Build | House |
| 3:53 | Create | Villager (Male) |
| 3:54 | Create | Villager (Male) |
| 3:54 | Create | Villager (Male) |
| 4:20 | Build | House |
| 4:20 | Build | House |
| 4:37 | Create | Villager (Male) |
| 4:37 | Create | Villager (Male) |
| 5:05 | Build | House |
| 5:12 | Create | Villager (Male) |
| 5:12 | Create | Villager (Male) |
| 5:12 | Create | Villager (Male) |
| 5:12 | Create | Villager (Male) |
| 5:40 | Build | Mill |
| 5:59 | Create | Villager (Male) |
| 5:59 | Create | Villager (Male) |
| 7:20 | Create | Villager (Male) |
| 7:20 | Create | Villager (Male) |
| 7:23 | Build | Mining Camp |
| 7:51 | Build | Farm |
| 7:52 | Build | Farm |
| 7:55 | Build | Farm |
| 8:24 | Build | Farm |
| 8:29 | Research | Feudal Age |
| 10:37 | Create | Villager (Male) |
| 10:37 | Create | Villager (Male) |
| 10:37 | Create | Villager (Male) |
| 10:42 | Age | Feudal Age |
| 10:45 | Build | Market |
| 10:48 | Build | Blacksmith |
| 12:06 | Research | Castle Age |
| 12:21 | Build | Barracks |
| 12:33 | Build | Farm |
| 12:41 | Build | Farm |
| 13:03 | Research | Double-Bit Axe |
| 13:28 | Research | Horse Collar |
| 13:35 | Build | House |
| 13:38 | Build | House |
| 13:39 | Create | Spearman |
| 13:40 | Create | Spearman |
| 13:59 | Create | Villager (Male) |
| 14:21 | Create | Villager (Male) |
| 14:21 | Create | Villager (Male) |
| 14:43 | Create | Spearman |
| 14:46 | Age | Castle Age |
| 14:48 | Build | Siege Workshop |
| 14:54 | Create | Villager (Male) |
| 15:12 | Build | Monastery |
| 15:22 | Create | Villager (Male) |
| 15:27 | Research | Loom |
| 15:32 | Create | Armored Elephant |
| 15:33 | Create | Armored Elephant |
| 15:35 | Create | Villager (Male) |
| 15:43 | Build | Mining Camp |
| 16:00 | Create | Monk |
| 16:00 | Create | Monk |
| 16:10 | Build | Farm |
| 16:11 | Build | Farm |
| 16:15 | Create | Armored Elephant |
| 16:29 | Create | Villager (Male) |
| 16:30 | Create | Monk |
| 16:39 | Create | Villager (Male) |
| 16:42 | Build | Farm |
| 16:42 | Build | Farm |
| 17:13 | Create | Villager (Male) |
| 17:18 | Build | Farm |
| 17:18 | Build | Farm |
| 17:21 | Create | Villager (Male) |
| 17:22 | Create | Armored Elephant |
| 17:36 | Build | House |
| 17:39 | Create | Armored Elephant |
| 17:40 | Create | Armored Elephant |
| 17:59 | Create | Villager (Male) |
| 17:59 | Create | Villager (Male) |
| 18:23 | Create | Monk |
| 18:26 | Create | Villager (Male) |
| 18:26 | Create | Villager (Male) |
| 18:48 | Create | Armored Elephant |
| 19:31 | Create | Mangonel |
| 19:32 | Create | Villager (Male) |
| 19:32 | Create | Villager (Male) |
| 19:41 | Build | House |
| 19:41 | Build | House |
| 19:47 | Build | Farm |
| 19:47 | Build | Farm |
| 19:47 | Build | Farm |
| 19:48 | Build | Farm |
| 19:48 | Build | Farm |
| 19:48 | Build | Farm |
| 19:48 | Build | Farm |
| 19:49 | Build | Farm |
| 19:52 | Create | Villager (Male) |
| 19:52 | Create | Villager (Male) |
| 20:20 | Research | Devotion |
| 20:28 | Build | Lumber Camp |
| 21:12 | Create | Armored Elephant |
| 21:13 | Create | Armored Elephant |
| 21:15 | Build | House |
| 21:42 | Build | House |
| 21:46 | Create | Monk |
| 21:53 | Create | Villager (Male) |
| 21:53 | Create | Villager (Male) |
| 21:53 | Create | Villager (Male) |
| 21:53 | Create | Villager (Male) |
| 21:55 | Create | Villager (Male) |
| 21:55 | Create | Villager (Male) |
| 21:55 | Create | Villager (Male) |
| 22:04 | Create | Villager (Male) |
| 22:04 | Create | Villager (Male) |
| 22:13 | Build | Town Center |
| 22:20 | Create | Monk |
| 22:48 | Create | Armored Elephant |
| 22:49 | Create | Villager (Male) |
| 22:55 | Build | House |
| 22:55 | Build | House |
| 22:55 | Build | House |
| 22:59 | Build | Farm |
| 22:59 | Build | Farm |
| 22:59 | Build | Farm |
| 22:59 | Build | Farm |
| 23:00 | Build | Farm |
| 23:00 | Build | Farm |
| 23:00 | Build | Farm |
| 23:24 | Create | Armored Elephant |
| 23:58 | Create | Villager (Male) |
| 23:59 | Create | Armored Elephant |
| 23:59 | Create | Armored Elephant |
| 24:42 | Create | Villager (Male) |
| 24:42 | Create | Villager (Male) |
| 24:42 | Create | Villager (Male) |
| 24:43 | Create | Villager (Male) |
| 24:43 | Create | Villager (Male) |
| 24:49 | Create | Monk |
| 24:49 | Create | Monk |
| 26:17 | Create | Armored Elephant |
| 26:18 | Create | Armored Elephant |
| 26:18 | Create | Armored Elephant |
| 26:24 | Create | Monk |
Build order — Bzm_Thejose
First 150 of 372 actions detected
| 0:00 | Create | Villager (Male) |
| 0:01 | Create | Villager (Male) |
| 0:01 | Create | Villager (Male) |
| 0:03 | Build | House |
| 0:04 | Build | House |
| 0:11 | Create | Villager (Male) |
| 1:23 | Create | Villager (Male) |
| 1:59 | Build | Lumber Camp |
| 2:01 | Create | Villager (Male) |
| 2:28 | Create | Villager (Male) |
| 2:51 | Create | Villager (Male) |
| 3:09 | Create | Villager (Male) |
| 3:25 | Build | House |
| 3:45 | Create | Villager (Male) |
| 3:45 | Create | Villager (Male) |
| 3:45 | Create | Villager (Male) |
| 3:58 | Create | Villager (Male) |
| 4:36 | Create | Villager (Male) |
| 5:14 | Create | Villager (Male) |
| 5:14 | Create | Villager (Male) |
| 5:25 | Build | Mill |
| 6:13 | Create | Villager (Male) |
| 6:40 | Research | Feudal Age |
| 6:59 | Build | House |
| 8:42 | Create | Villager (Male) |
| 8:50 | Age | Feudal Age |
| 8:53 | Build | Town Center |
| 8:54 | Create | Villager (Male) |
| 8:56 | Research | Double-Bit Axe |
| 8:57 | Research | Double-Bit Axe |
| 8:58 | Create | Villager (Male) |
| 9:08 | Create | Villager (Male) |
| 9:20 | Create | Villager (Male) |
| 9:20 | Create | Villager (Male) |
| 9:25 | Build | House |
| 9:26 | Build | House |
| 9:44 | Create | Villager (Male) |
| 9:45 | Create | Villager (Male) |
| 9:52 | Research | Horse Collar |
| 10:05 | Build | Farm |
| 10:14 | Create | Villager (Male) |
| 10:14 | Create | Villager (Male) |
| 10:15 | Create | Villager (Male) |
| 10:15 | Create | Villager (Male) |
| 10:15 | Create | Villager (Male) |
| 10:31 | Build | House |
| 10:41 | Build | Farm |
| 10:55 | Build | Farm |
| 10:58 | Build | Farm |
| 11:03 | Build | House |
| 11:04 | Create | Villager (Male) |
| 11:23 | Create | Villager (Male) |
| 11:26 | Build | Farm |
| 11:28 | Build | Farm |
| 11:35 | Build | Farm |
| 11:40 | Build | House |
| 11:44 | Build | Farm |
| 11:48 | Create | Villager (Male) |
| 11:52 | Build | Farm |
| 12:04 | Create | Villager (Male) |
| 12:08 | Build | Farm |
| 12:12 | Build | House |
| 12:16 | Build | Farm |
| 12:22 | Build | Farm |
| 12:22 | Create | Villager (Male) |
| 12:31 | Create | Villager (Male) |
| 12:38 | Build | Farm |
| 12:42 | Create | Villager (Male) |
| 12:55 | Create | Villager (Male) |
| 13:02 | Build | Farm |
| 13:05 | Build | Farm |
| 13:09 | Build | Farm |
| 13:10 | Create | Villager (Male) |
| 13:10 | Create | Villager (Male) |
| 13:33 | Create | Villager (Male) |
| 13:35 | Create | Villager (Male) |
| 13:39 | Build | Farm |
| 13:43 | Build | Farm |
| 13:46 | Build | Farm |
| 13:53 | Build | Farm |
| 13:53 | Create | Villager (Male) |
| 13:56 | Create | Villager (Male) |
| 14:06 | Build | Mining Camp |
| 14:10 | Create | Villager (Male) |
| 14:13 | Create | Villager (Male) |
| 14:37 | Create | Villager (Male) |
| 14:42 | Build | Barracks |
| 14:47 | Create | Villager (Male) |
| 14:56 | Build | Farm |
| 14:59 | Build | Farm |
| 15:03 | Create | Villager (Male) |
| 15:04 | Create | Villager (Male) |
| 15:26 | Create | Villager (Male) |
| 15:32 | Build | Blacksmith |
| 15:51 | Build | Stable |
| 16:06 | Create | Villager (Male) |
| 16:08 | Build | Farm |
| 16:10 | Create | Villager (Male) |
| 16:11 | Create | Villager (Male) |
| 16:26 | Create | Villager (Male) |
| 16:31 | Create | Villager (Male) |
| 16:37 | Build | Stable |
| 16:39 | Build | House |
| 16:40 | Build | House |
| 16:42 | Create | Villager (Male) |
| 16:57 | Research | Castle Age |
| 17:18 | Research | Wheelbarrow |
| 17:31 | Research | Gold Mining |
| 17:45 | Build | Stable |
| 17:57 | Build | House |
| 17:58 | Build | House |
| 18:00 | Build | House |
| 18:08 | Create | Villager (Male) |
| 18:24 | Research | Scale Barding Armor |
| 18:25 | Research | Bloodlines |
| 18:51 | Research | Forging |
| 18:56 | Create | Villager (Male) |
| 19:01 | Build | Farm |
| 19:03 | Build | Farm |
| 19:04 | Build | Farm |
| 19:06 | Build | Farm |
| 19:08 | Build | Farm |
| 19:10 | Build | Farm |
| 19:23 | Build | Mill |
| 19:24 | Build | Farm |
| 19:24 | Build | Farm |
| 19:24 | Build | Farm |
| 19:25 | Build | Farm |
| 19:25 | Build | Farm |
| 19:29 | Build | Lumber Camp |
| 19:33 | Create | Villager (Male) |
| 19:40 | Age | Castle Age |
| 19:43 | Create | Steppe Lancer |
| 19:43 | Create | Steppe Lancer |
| 19:43 | Create | Steppe Lancer |
| 19:47 | Create | Villager (Male) |
| 19:48 | Create | Villager (Male) |
| 19:52 | Research | Bow Saw |
| 20:06 | Build | House |
| 20:07 | Build | House |
| 20:10 | Create | Steppe Lancer |
| 20:10 | Create | Steppe Lancer |
| 20:21 | Create | Steppe Lancer |
| 20:23 | Create | Villager (Male) |
| 20:28 | Build | Mill |
| 20:29 | Build | Farm |
| 20:29 | Build | Farm |
| 20:29 | Build | Farm |
| 20:29 | Build | Farm |
| 20:30 | Build | Farm |
Build order — ZISI-LEE
First 150 of 253 actions detected
| 0:01 | Create | Villager (Male) |
| 0:01 | Create | Villager (Male) |
| 0:01 | Create | Villager (Male) |
| 0:02 | Build | House |
| 0:22 | Build | Mill |
| 0:54 | Create | Villager (Male) |
| 1:36 | Create | Villager (Male) |
| 1:44 | Build | House |
| 2:01 | Create | Villager (Male) |
| 2:13 | Create | Villager (Male) |
| 2:46 | Create | Villager (Male) |
| 3:02 | Create | Villager (Male) |
| 3:27 | Build | House |
| 3:48 | Create | Villager (Male) |
| 4:02 | Create | Villager (Male) |
| 4:13 | Create | Villager (Male) |
| 4:19 | Build | Lumber Camp |
| 4:44 | Create | Villager (Male) |
| 4:50 | Create | Villager (Male) |
| 4:58 | Create | Villager (Male) |
| 5:08 | Create | Villager (Male) |
| 5:26 | Create | Villager (Male) |
| 5:47 | Build | House |
| 6:23 | Create | Villager (Male) |
| 6:32 | Create | Villager (Male) |
| 6:39 | Create | Villager (Male) |
| 6:47 | Create | Villager (Male) |
| 7:55 | Build | Mining Camp |
| 7:58 | Create | Villager (Male) |
| 8:15 | Research | Feudal Age |
| 9:07 | Build | Farm |
| 9:09 | Build | Farm |
| 9:11 | Build | Farm |
| 9:15 | Build | Farm |
| 9:37 | Build | House |
| 9:58 | Create | Villager (Male) |
| 9:58 | Create | Villager (Male) |
| 10:33 | Age | Feudal Age |
| 10:35 | Build | Market |
| 10:42 | Build | Blacksmith |
| 11:24 | Research | Castle Age |
| 11:40 | Build | Farm |
| 11:41 | Build | Farm |
| 12:06 | Create | Villager (Male) |
| 12:09 | Create | Villager (Male) |
| 12:35 | Build | Farm |
| 12:38 | Build | Farm |
| 12:42 | Build | Farm |
| 12:55 | Research | Double-Bit Axe |
| 13:18 | Research | Loom |
| 13:27 | Create | Villager (Male) |
| 13:32 | Research | Gold Mining |
| 13:38 | Build | Barracks |
| 14:04 | Age | Castle Age |
| 14:20 | Build | Siege Workshop |
| 14:22 | Create | Villager (Male) |
| 14:26 | Create | Villager (Male) |
| 14:36 | Build | Palisade Wall |
| 14:38 | Build | Palisade Wall |
| 14:39 | Build | Palisade Wall |
| 14:40 | Build | Palisade Wall |
| 14:42 | Create | Spearman |
| 14:44 | Create | Villager (Male) |
| 14:47 | Create | Villager (Male) |
| 14:49 | Create | Spearman |
| 14:53 | Create | Villager (Male) |
| 15:09 | Build | Monastery |
| 15:22 | Create | Villager (Male) |
| 15:26 | Build | House |
| 15:27 | Build | House |
| 15:30 | Create | Spearman |
| 15:32 | Create | Armored Elephant |
| 15:47 | Build | House |
| 15:49 | Create | Militia |
| 15:55 | Create | Armored Elephant |
| 16:04 | Create | Monk |
| 16:07 | Create | Villager (Male) |
| 16:10 | Create | Villager (Male) |
| 16:24 | Build | House |
| 16:53 | Create | Armored Elephant |
| 17:16 | Create | Armored Elephant |
| 17:23 | Build | House |
| 17:23 | Build | House |
| 17:29 | Build | Mill |
| 17:55 | Create | Monk |
| 17:55 | Create | Monk |
| 18:06 | Build | Mining Camp |
| 18:07 | Create | Villager (Male) |
| 18:16 | Create | Scorpion |
| 18:17 | Create | Villager (Male) |
| 18:22 | Create | Villager (Male) |
| 18:30 | Create | Villager (Male) |
| 18:40 | Create | Villager (Male) |
| 18:54 | Create | Villager (Male) |
| 18:58 | Create | Villager (Male) |
| 19:11 | Create | Armored Elephant |
| 19:12 | Create | Villager (Male) |
| 19:14 | Create | Villager (Male) |
| 19:27 | Create | Villager (Male) |
| 19:42 | Create | Villager (Male) |
| 19:50 | Create | Villager (Male) |
| 19:59 | Create | Monk |
| 20:02 | Create | Monk |
| 20:08 | Create | Villager (Male) |
| 20:09 | Create | Villager (Male) |
| 20:14 | Build | House |
| 20:15 | Build | House |
| 20:16 | Build | House |
| 20:18 | Create | Villager (Male) |
| 20:25 | Create | Armored Elephant |
| 20:25 | Create | Armored Elephant |
| 20:29 | Create | Monk |
| 20:34 | Research | Horse Collar |
| 21:03 | Create | Villager (Male) |
| 21:13 | Create | Villager (Male) |
| 21:16 | Create | Villager (Male) |
| 21:25 | Create | Villager (Male) |
| 21:47 | Create | Villager (Male) |
| 21:49 | Create | Monk |
| 21:52 | Create | Villager (Male) |
| 22:07 | Create | Monk |
| 22:14 | Build | Lumber Camp |
| 22:20 | Create | Mangonel |
| 22:23 | Create | Villager (Male) |
| 22:26 | Create | Villager (Male) |
| 22:43 | Create | Villager (Male) |
| 22:48 | Build | Mining Camp |
| 23:01 | Create | Villager (Male) |
| 23:20 | Create | Villager (Male) |
| 23:50 | Build | Town Center |
| 23:51 | Create | Villager (Male) |
| 23:57 | Create | Villager (Male) |
| 24:13 | Build | Gate |
| 24:18 | Build | Gate |
| 24:21 | Create | Villager (Male) |
| 24:40 | Build | Gate |
| 24:43 | Create | Villager (Male) |
| 24:47 | Build | Gate |
| 24:48 | Create | Villager (Male) |
| 24:56 | Create | Villager (Male) |
| 25:22 | Research | Fletching |
| 25:23 | Create | Villager (Male) |
| 25:25 | Create | Villager (Male) |
| 25:37 | Build | Siege Workshop |
| 26:06 | Create | Mangonel |
| 26:06 | Create | Mangonel |
| 26:06 | Create | Mangonel |
| 26:06 | Create | Mangonel |
| 26:39 | Create | Villager (Male) |
| 27:20 | Create | Villager (Male) |
Build order — Bzm_JöNTüRK
First 150 of 191 actions detected
| 0:00 | Create | Villager (Male) |
| 0:01 | Create | Villager (Male) |
| 0:01 | Create | Villager (Male) |
| 0:03 | Build | House |
| 0:04 | Build | House |
| 0:20 | Create | Villager (Male) |
| 0:20 | Create | Villager (Male) |
| 1:24 | Create | Villager (Male) |
| 1:24 | Create | Villager (Male) |
| 2:01 | Build | Lumber Camp |
| 2:02 | Create | Villager (Male) |
| 2:02 | Create | Villager (Male) |
| 2:17 | Create | Villager (Male) |
| 2:18 | Create | Villager (Male) |
| 2:50 | Create | Villager (Male) |
| 3:07 | Create | Villager (Male) |
| 3:55 | Build | House |
| 3:57 | Build | House |
| 4:10 | Create | Villager (Male) |
| 4:10 | Create | Villager (Male) |
| 4:11 | Create | Villager (Male) |
| 5:02 | Create | Villager (Male) |
| 5:02 | Create | Villager (Male) |
| 5:21 | Create | Villager (Male) |
| 5:43 | Create | Villager (Male) |
| 5:44 | Create | Villager (Male) |
| 5:44 | Create | Villager (Male) |
| 6:14 | Create | Villager (Male) |
| 6:14 | Create | Villager (Male) |
| 6:20 | Create | Villager (Male) |
| 6:20 | Create | Villager (Male) |
| 6:46 | Build | Mill |
| 7:55 | Create | Villager (Male) |
| 7:55 | Create | Villager (Male) |
| 8:12 | Create | Villager (Male) |
| 8:27 | Create | Villager (Male) |
| 8:27 | Create | Villager (Male) |
| 8:43 | Research | Feudal Age |
| 8:48 | Build | Mining Camp |
| 10:09 | Build | House |
| 10:30 | Build | Farm |
| 10:34 | Build | Farm |
| 10:43 | Build | House |
| 11:03 | Build | Farm |
| 11:06 | Build | Farm |
| 11:14 | Create | Villager (Male) |
| 11:14 | Create | Villager (Male) |
| 11:22 | Age | Feudal Age |
| 11:30 | Build | Market |
| 11:33 | Build | Blacksmith |
| 11:49 | Build | Farm |
| 11:55 | Research | Horse Collar |
| 12:18 | Create | Villager (Male) |
| 12:22 | Build | Farm |
| 12:27 | Build | Farm |
| 12:30 | Build | Farm |
| 12:37 | Create | Villager (Male) |
| 12:48 | Build | Farm |
| 13:14 | Build | Farm |
| 13:38 | Build | Farm |
| 13:49 | Research | Castle Age |
| 14:55 | Build | Barracks |
| 15:00 | Research | Fletching |
| 15:08 | Research | Gold Mining |
| 15:32 | Research | Padded Archer Armor |
| 15:38 | Research | Double-Bit Axe |
| 16:28 | Age | Castle Age |
| 16:32 | Create | Villager (Male) |
| 16:33 | Create | Villager (Male) |
| 16:38 | Build | Archery Range |
| 17:01 | Research | Bodkin Arrow |
| 17:13 | Build | Stone Wall |
| 17:14 | Create | Villager (Male) |
| 17:19 | Create | Elephant Archer |
| 17:19 | Create | Elephant Archer |
| 17:36 | Create | Villager (Male) |
| 17:48 | Build | Archery Range |
| 18:02 | Build | Gate |
| 18:13 | Create | Villager (Male) |
| 18:15 | Build | Farm |
| 18:18 | Build | Farm |
| 18:22 | Build | Farm |
| 18:25 | Build | Farm |
| 18:28 | Create | Elephant Archer |
| 18:28 | Create | Elephant Archer |
| 18:32 | Build | House |
| 18:37 | Build | House |
| 19:39 | Create | Elephant Archer |
| 19:40 | Create | Elephant Archer |
| 19:41 | Research | Leather Archer Armor |
| 19:42 | Create | Villager (Male) |
| 19:44 | Build | House |
| 19:45 | Build | House |
| 19:55 | Create | Villager (Male) |
| 19:56 | Create | Archer |
| 19:56 | Create | Archer |
| 20:02 | Build | Farm |
| 20:04 | Build | Farm |
| 20:13 | Create | Elephant Archer ×2 |
| 20:30 | Create | Villager (Male) |
| 21:39 | Create | Archer |
| 21:39 | Create | Archer |
| 21:39 | Create | Archer |
| 22:05 | Create | Elephant Archer ×3 |
| 22:09 | Build | House |
| 22:10 | Build | House |
| 22:50 | Create | Elephant Archer |
| 22:51 | Create | Elephant Archer |
| 22:51 | Create | Elephant Archer |
| 23:15 | Create | Villager (Male) |
| 23:15 | Create | Villager (Male) |
| 23:15 | Create | Villager (Male) |
| 23:19 | Build | House |
| 23:29 | Research | Crossbowman (upgrade) |
| 23:30 | Research | Thumb Ring |
| 23:41 | Create | Villager (Male) |
| 24:17 | Create | Archer ×4 |
| 24:18 | Create | Archer ×4 |
| 24:35 | Create | Archer |
| 24:35 | Create | Archer |
| 25:03 | Create | Villager (Male) |
| 25:22 | Research | Wheelbarrow |
| 26:46 | Build | Town Center |
| 27:41 | Build | Mill |
| 27:57 | Create | Elephant Archer |
| 27:57 | Create | Elephant Archer |
| 28:03 | Create | Villager (Male) |
| 28:03 | Create | Villager (Male) |
| 28:07 | Create | Elephant Archer |
| 28:08 | Create | Elephant Archer |
| 28:08 | Create | Elephant Archer |
| 28:11 | Create | Villager (Male) |
| 28:58 | Create | Villager (Male) |
| 29:13 | Create | Archer ×2 |
| 30:38 | Create | Elephant Archer |
| 31:03 | Create | Elephant Archer |
| 31:44 | Create | Elephant Archer ×2 |
| 31:44 | Create | Elephant Archer ×2 |
| 31:59 | Create | Villager (Male) |
| 31:59 | Create | Villager (Male) |
| 32:05 | Build | Gate |
| 32:30 | Create | Elephant Archer |
| 32:33 | Create | Villager (Male) |
| 32:34 | Create | Villager (Male) |
| 32:36 | Build | Farm |
| 32:36 | Build | Farm |
| 32:36 | Build | Farm |
| 32:36 | Build | Farm |
| 32:36 | Build | Farm |
| 32:37 | Build | Farm |
Match timeline
| 8:50 | Bzm_Thejose · age_up feudal |
| 9:38 | KNAUROS · first_building Barracks |
| 10:33 | ZISI-LEE · age_up feudal |
| 10:42 | joylettuce · age_up feudal |
| 10:56 | paedi27 · age_up feudal |
| 11:16 | KNAUROS · age_up feudal |
| 11:19 | KNAUROS · first_building Stable |
| 11:22 | Bzm_JöNTüRK · age_up feudal |
| 11:43 | joylettuce · first_market_sell 100 stone |
| 11:45 | paedi27 · first_market_sell 100 stone |
| 11:45 | paedi27 · first_market_buy 100 food |
| 11:47 | Bzm_Castle · age_up feudal |
| 11:48 | joylettuce · first_market_buy 100 food |
| 12:21 | joylettuce · first_building Barracks |
| 12:28 | KNAUROS · first_market_buy 100 food |
| 12:29 | KNAUROS · first_market_sell 100 wood |
| 12:36 | Bzm_Going · age_up feudal |
| 13:06 | Bzm_JöNTüRK · first_market_sell 100 wood |
| 13:06 | Bzm_JöNTüRK · first_market_buy 100 food |
| 13:38 | ZISI-LEE · first_building Barracks |
| 14:04 | ZISI-LEE · age_up castle |
| 14:09 | ZISI-LEE · first_market_sell 100 stone |
| 14:10 | ZISI-LEE · first_market_buy 100 wood |
| 14:20 | ZISI-LEE · first_building Siege Workshop |
| 14:27 | paedi27 · age_up castle |
| 14:29 | paedi27 · first_building Monastery |
| 14:36 | ZISI-LEE · wall_segment Palisade Wall x1 |
| 14:38 | ZISI-LEE · wall_segment Palisade Wall x1 |
| 14:39 | ZISI-LEE · wall_segment Palisade Wall x1 |
| 14:40 | ZISI-LEE · wall_segment Palisade Wall x1 |
| 14:42 | Bzm_Thejose · first_building Barracks |
| 14:46 | joylettuce · age_up castle |
| 14:48 | joylettuce · first_building Siege Workshop |
| 14:55 | Bzm_JöNTüRK · first_building Barracks |
| 15:09 | ZISI-LEE · first_building Monastery |
| 15:12 | joylettuce · first_building Monastery |
| 15:15 | KNAUROS · age_up castle |
| 15:25 | paedi27 · first_building Castle |
| 15:30 | Bzm_Castle · age_up castle |
| 15:42 | Bzm_Castle · first_building Siege Workshop |
| 15:51 | Bzm_Thejose · first_building Stable |
| 16:08 | Bzm_Going · age_up castle |
| 16:10 | Bzm_Going · first_building Siege Workshop |
| 16:12 | Bzm_Going · first_building Castle |
| 16:28 | Bzm_JöNTüRK · age_up castle |
| 16:38 | Bzm_JöNTüRK · first_building Archery Range |
| 17:13 | Bzm_JöNTüRK · wall_segment Stone Wall x15 |
| 17:13 | Bzm_Castle · first_building Monastery |
| 18:31 | Bzm_Going · wall_segment Palisade Wall x1 |
| 18:32 | Bzm_Going · wall_segment Palisade Wall x1 |
| 19:40 | Bzm_Thejose · age_up castle |
| 20:55 | Bzm_Going · wall_segment Stone Wall x1 |
| 27:27 | paedi27 · first_building Barracks |
| 28:31 | ZISI-LEE · wall_segment Stone Wall x1 |
| 28:34 | Bzm_Going · first_market_buy 100 food |
| 31:26 | ZISI-LEE · first_building Castle |
| 31:49 | Bzm_Going · age_up imperial |
| 32:40 | Bzm_Going · first_market_sell 100 wood |
| 32:59 | Bzm_Thejose · first_market_sell 500 food |
| 33:19 | KNAUROS · first_building Monastery |
| 33:46 | Bzm_Castle · age_up imperial |
| 34:10 | Bzm_Castle · first_market_sell 100 food |
| 34:49 | ZISI-LEE · age_up imperial |
| 37:07 | joylettuce · first_building Castle |
| 37:19 | KNAUROS · age_up imperial |
| 38:08 | paedi27 · resign |
[ AI ANALYSIS · 1 CREDIT ]
What really happened in this match?
Wolo.gg analyzes every decision: build order, eco, micro, common mistakes by bracket. Personalized analysis on WhatsApp or Discord in 30 seconds.
Civ guide
Jurchens
Perfil
Jugador #7695934